 Dungeon Crawl Stone Soup version 0.27.1-15-g792fb953b9 (webtiles) character file.

Game seed: 1214350660857762877

454 Gunterle the Bolt Thrower (level 6, 0/32 HPs)
             Began as a Spriggan Hunter on Nov 19, 2021.
             Was an Initiate of Okawaru.
             Killed from afar by Blork the orc (10 damage)
             ... with a puff of flame
             ... on level 5 of the Dungeon.
             The game lasted 00:13:25 (5068 turns).

Gunterle the Bolt Thrower (Spriggan Hunter)         Turns: 5068, Time: 00:13:26

Health: 0/32       AC:  2    Str: 15    XL:     6   Next: 76%
Magic:  7/7        EV: 19    Int: 19    God:    Okawaru [......]
Gold:   74         SH:  0    Dex: 16    Spells: 3/5 levels left

rFire    . . .     SeeInvis +   a - +1 hand crossbow
rCold    . . .     Faith    .   (shield restricted)
rNeg     . . .     Spirit   .   c - +0 robe
rPois    .         Reflect  .   (helmet restricted)
rElec    .         Harm     .   (no cloak)
rCorr    .         Rampage  .   (gloves unavailable)
Will     +....                  (boots unavailable)
Stlth    ++........             (no amulet)
HPRegen  0.10/turn              e - +6 ring of strength
MPRegen  0.10/turn              u - +6 ring of intelligence

@: very quick
A: very small, no large weapons, unfitting armour, see invisible, speed 3
a: Renounce Religion


You were on level 5 of the Dungeon.
You worshipped Okawaru.
Okawaru was noncommittal.
You visited 2 branches of the dungeon, and saw 6 of its levels.

You collected 167 gold pieces.
You spent 93 gold pieces at shops.

Inventory:

Hand Weapons
 a - a +1 hand crossbow (weapon)
 b - a +0 short sword
 r - a +0 hunting sling
 A - a +0 arbalest
Missiles
 d - 37 bolts (quivered ammo)
 i - 61 arrows
 k - 6 datura-tipped darts
 q - 43 stones
 B - 14 poisoned darts
Armour
 c - a +0 robe (worn)
 j - a +0 ring mail
Magical Staves
 v - a staff of poison
Jewellery
 e - a +6 ring of strength (left hand)
 u - a +6 ring of intelligence (right hand)
 x - a ring of ice
Scrolls
 h - a scroll of fear
 l - a scroll of torment
 m - a scroll of blinking {unknown}
 o - a scroll of vulnerability {unknown}
 w - 3 scrolls of teleportation {unknown}
 y - a scroll of identify
 z - a scroll of summoning {unknown}
Potions
 f - a potion of resistance {unknown}
 g - 2 potions of invisibility
 n - a potion of haste
 p - 2 potions of ambrosia {unknown}
 s - 3 potions of brilliance
 t - a potion of degeneration {unknown}


   Skills:
 + Level 3.0 Fighting
 + Level 3.1 Short Blades
 * Level 6.0 Crossbows
 - Level 0.2 Armour
 + Level 4.8 Dodging
 - Level 1.5 Stealth


You had 3 spell levels left.
You knew the following spells:

 Your Spells              Type           Power      Damage    Failure   Level
a - Passwall              Tmut/Erth      0%         N/A       30%         2

Your spell library contained the following spells:

 Spells                   Type           Power      Damage    Failure   Level
 Foxfire                  Conj/Fire      0%         2x1d4     21%         1
 Sandblast                Erth           0%         2d4       21%         1
 Shock                    Conj/Air       0%         1d3       21%         1
 Conjure Flame            Conj/Fire      0%         6-21      52%         3
 Inner Flame              Hex/Fire       0%         N/A       52%         3
 Swiftness                Air            0%         N/A       52%         3
 Airstrike                Air            0%         N/A       90%         4
 Lee's Rapid Deconstruct  Erth           0%         3d5*      99%         5


Dungeon Overview and Level Annotations

Branches:
Dungeon (5/15)             Temple (1/1) D:4

Altars:
Ashenzari
Cheibriados
Dithmenos
Elyvilon
Fedhas
Gozag
Hepliaklqana
Kikubaaqudgha
Makhleb
Nemelex Xobeh
Okawaru
Qazlal
Ru
Sif Muna
Trog
Uskayaw
Vehumet
Wu Jian
Xom
Yredelemnul
Zin
The Shining One

Shops:
D:4 *

Annotations:
D:4 exclusion: centaur
D:5 2 transporters, Blork the orc; Prince Ribbit; kalagan's ghost, novice DECj


Innate Abilities, Weirdness & Mutations

You are very small and have problems with some larger weapons.
You are too small for most types of armour.
You have supernaturally acute eyesight. (SInv)
You cover ground extremely quickly. (Speed+++)


Message History

You shoot a bolt.
The bolt barely misses the water moccasin.
The water moccasin bites you.
You shoot a bolt. The bolt hits the water moccasin!
The water moccasin is heavily wounded.
Found an escape hatch in the floor.
Found an escape hatch in the ceiling.
You shoot a bolt. The bolt hits the water moccasin.
The water moccasin is severely wounded.
You shoot a bolt. The bolt hits the water moccasin.
The water moccasin is almost dead.
The water moccasin misses you.
Blork the orc comes into view.
He is wielding a +0 battleaxe and wearing a +2 robe of willpower.
Blork the orc shouts!
Blork the orc casts a spell.
Blork the orc seems to speed up.
Blork the orc misses you.
You see here a bolt.
Blork the orc casts a spell at you. The magic dart hits you.
You see here a bolt.
You see here a bolt.
Blork the orc points at you and mumbles some strange words.
The magic dart hits you!
You shoot a bolt. The bolt hits Blork the orc.
Blork the orc is lightly wounded.
You shoot a bolt. The bolt hits the water moccasin!
You kill the water moccasin!
Okawaru accepts your kill.
Blork the orc hits you with a +0 battleaxe.
Your Fighting skill increases to level 3!
Your Short Blades skill increases to level 3!
Your Crossbows skill increases to level 6!
Blork the orc gestures at you while chanting.
The puff of frost hits you.
You see here a bolt.
Blork the orc cheers noisily.
Blork the orc casts a spell at you. The puff of flame hits you!
You die...

...........©#5=.©# #.#
.........#..#..#...#.#.#
.........#.##.....#.##.#
.........#.#..#.#...#..#
.........#.#..#.#.5.#.##
#.##.....#.##.....5©#..#
#.
#######..###...###..##
##...#####.....#
###..@.(.o#...#
##########...# ...#
..... ...### ...# .#


You could see Blork the orc (fast) and 2 quasits.

Vanquished Creatures
  A water moccasin (D:5)
  A necrophage (D:4)
  A bullfrog (D:4)
  A hound (D:4)
  An iguana (D:4)
  3 gnolls (D:3)
  5 adders
  An adder skeleton (D:4)
  A worm (D:2)
  2 dart slugs (D:2)
  3 orcs
  3 endoplasms
  A giant cockroach (D:4)
  5 goblins
  8 hobgoblins
  3 jackals (D:1)
  7 kobolds
  4 quokkas
  A ball python (D:1)
  2 bats (D:2)
  4 frilled lizards
  10 rats
68 creatures vanquished.

Vanquished Creatures (collateral kills)
  3 orcs (D:3)
3 creatures vanquished.

Vanquished Creatures (others)
  A gnoll (D:3)
1 creature vanquished.

Grand Total: 72 creatures vanquished

Notes
Turn   | Place    | Note
-------+----------+-------------------------------------------
     0 | D:1      | Gunterle the Spriggan Hunter began the quest for the Orb.
     0 | D:1      | Reached XP level 1. HP: 10/10 MP: 2/2
   336 | D:1      | Reached XP level 2. HP: 12/15 MP: 3/3
  1112 | D:1      | Reached skill level 1 in Short Blades
  1244 | D:2      | Reached XP level 3. HP: 17/18 MP: 4/4
  1529 | D:2      | Found a faded altar of an unknown god.
  1684 | D:2      | Learned a level 2 spell: Passwall
  1914 | D:2      | Reached XP level 4. HP: 23/23 MP: 5/5
  3344 | D:3      | Reached skill level 5 in Crossbows
  3505 | D:4      | Noticed a centaur
  3603 | D:4      | Reached XP level 5. HP: 27/27 MP: 6/6
  3750 | D:4      | Found Zopsodiv's Assorted Antiques.
  3753 | D:4      | Bought a scroll labelled BEADI DURYMOS for 31 gold pieces
  3753 | D:4      | Bought a scroll labelled BEADI DURYMOS for 31 gold pieces
  3753 | D:4      | Bought a scroll labelled BEADI DURYMOS for 31 gold pieces
  4246 | D:4      | Found a staircase to the Ecumenical Temple.
  4256 | Temple   | Entered the Ecumenical Temple
  4283 | Temple   | Became a worshipper of Warmaster Okawaru
  4523 | D:4      | Noticed a necrophage
  4553 | D:4      | Killed a necrophage
  4554 | D:4      | Reached XP level 6. HP: 31/32 MP: 7/7
  4670 | D:4      | Found a radiant altar of Vehumet.
  4677 | D:4      | Found a stormy altar of Qazlal.
  4677 | D:4      | Found a broken altar of Ashenzari.
  4681 | D:4      | Found a bloodstained altar of Trog.
  4681 | D:4      | Found a hazy altar of Hepliaklqana.
  4681 | D:4      | Found a shimmering altar of Xom.
  4950 | D:5      | Entered Level 5 of the Dungeon
  4950 | D:5      | Noticed Prince Ribbit
  4968 | D:5      | Noticed kalagan's ghost (novice DECj)
  4968 | D:5      | Found a transporter.
  4985 | D:5      | Found a transporter.
  4998 | D:5      | Noticed a water moccasin
  5037 | D:5      | Noticed Blork the orc
  5055 | D:5      | Killed a water moccasin
  5056 | D:5      | Reached skill level 6 in Crossbows
  5068 | D:5      | Killed from afar by Blork the orc

Illustrated notes

Levels and vault maps discovered:
D:1:      lightli_arrival_lavapool, layout_basic
D:2:      layout_loops_ring, chequers_ecumenical_altar_simple, bh_walls_and_bars
D:3:      layout_rooms
D:4:      layout_loops_ring, doesnt_xom_only_xom, temple_green, serial_shops,
          shop
D:5:      minmay_octagon_keep, layout_cave_pods, gammafunk_ghost_stat_death,
          uniq_blork_the_orc, uniq_prince_ribbit1
Temple:   grunt_wide_crystal_templ

Skill      XL: |  1  2  3  4  5  6 |
---------------+-------------------+-----
Dodging        | 3 4 |  4.8
Short Blades   | 1 2 3 |  3.1
Fighting       | 2 3 |  3.0
Crossbows      | 5 6 |  6.0
Armour         | |  0.2
Stealth        | |  1.5

Action                   |  1- 3 |  4- 6 || total
-------------------------+-------+-------++-------
Melee: Short sword       |   103 |   126 ||   229
 Fire: Hand crossbow     |    15 |    47 ||    62
Throw: Dart              |       |     3 ||     3
  Use: Scroll            |     4 |     1 ||     5
 Stab: Sleeping          |     2 |     3 ||     5
       Distracted        |     1 |       ||     1
Armor: Robe              |     6 |    10 ||    16
Dodge: Dodged            |    73 |   111 ||   184
